 Dungeon Crawl Stone Soup version 0.24.0-37-gcf1ca852f1 (webtiles) character file.

Game seed: 5319924591083521347, levelgen mode: deterministic

463 McKennaii the Chopper (level 6, -12/48 HPs)
             Began as a Demonspawn Fighter on Nov 28, 2019.
             Killed from afar by Pikel (22 damage)
             ... with a bolt of acid
             ... on level 6 of the Dungeon.
             The game lasted 00:03:51 (2471 turns).

McKennaii the Chopper (Demonspawn Fighter)          Turns: 2471, Time: 00:03:51

Health: -12/48     AC:  9    Str: 18    XL:     6   Next: 79%
Magic:  6/6        EV:  7    Int: 10    God:
Gold:   175        SH:  9    Dex: 12    Spells: 5/5 levels left

rFire    . . .     SeeInvis .   a - +0 war axe
rCold    . . .     Gourm    .   c - +0 shield
rNeg     . . .     Faith    .   b - +0 scale mail
rPois    .         Spirit   .   (no helmet)
rElec    .         Reflect  .   (no cloak)
rCorr    .         Harm     .   (no gloves)
MR       .....                  (no boots)
Stlth    ..........             (no amulet)
HPRegen  0.16/turn              (no ring)
MPRegen  0.10/turn              (no ring)

@: no status effects
A: slimy green scales 1, foul stench 2, rot immunity
a: no special abilities


You were on level 6 of the Dungeon.
You were hungry.

You visited 1 branch of the dungeon, and saw 5 of its levels.

You collected 175 gold pieces.

Inventory:

Hand Weapons
 a - a +0 war axe (weapon)
Armour
 b - a +0 scale mail (worn)
 c - a +0 shield (worn)
Jewellery
 i - an uncursed amulet of the gourmand {unknown}
Scrolls
 e - 4 scrolls of remove curse {unknown}
 g - 2 scrolls of teleportation {unknown}
 h - a scroll of identify {unknown}
Comestibles
 f - 5 rations


   Skills:
 + Level 3.7 Fighting
 * Level 4.7 Axes
 + Level 3.9 Armour
 + Level 1.2 Dodging
 + Level 0.2 Stealth
 + Level 3.7 Shields


You had 5 spell levels left.
You didn't know any spells.
Your spell library contained the following spells:

 Spells                   Type           Power        Failure   Level  Hunger
 Corona                   Hex            #......      99%         1    ##.....
 Slow                     Hex            #.......     100%        2    ###....
 Inner Flame              Hex/Fire       #.......     100%        3    ####...
 Portal Projectile        Hex/Tloc       #.....       100%        3    ####...
 Cause Fear               Hex            #.........   100%        4    #####..
 Leda's Liquefaction      Hex/Erth       #.........   100%        4    #####..


Dungeon Overview and Level Annotations

Branches:
Dungeon (6/15)
 Temple: D:4-7

Altars:
Hepliaklqana
Wu Jian

Annotations:
D:6 Pikel


Innate Abilities, Weirdness & Mutations

You are partially covered in slimy green scales. (AC +2)
You frequently emit foul miasma when damaged in melee.
You are immune to rotting.


Message History

You barely miss Pikel.
Pikel is lightly wounded.
You block Pikel's attack.
Your shield and scale mail prevent you from hitting Pikel.
Pikel is lightly wounded.
You block Pikel's attack.
Your shield and scale mail prevent you from hitting Pikel.
Pikel is lightly wounded.
Pikel says, "Slavery isn't that bad."
Pikel hits you but does no damage.
You hit Pikel.
Pikel is lightly wounded.
You block Pikel's attack. Pikel hits you but does no damage.
You hit Pikel.
Pikel is moderately wounded.
You block Pikel's attack.
You closely miss Pikel.
Pikel is moderately wounded.
Pikel zaps a wand.
The bolt of acid hits you!!
You die...

#.# #.# #.#
#.# #.# #.#
#.#
#.########.##.
#.....@Kppp...
##########....
.


You could see Pikel and 3 slaves.

Vanquished Creatures
  A slave (D:6)
  2 ogres (D:5)
  A crimson imp (D:5)
  3 hounds (D:5)
  An orc wizard (D:5)
  An iguana (D:5)
  A hound skeleton (D:5)
  A worker ant zombie (D:5)
  3 adders (D:2)
  3 worms
  A dart slug (D:2)
  3 orcs (D:5)
  4 ball pythons
  7 giant cockroaches
  3 goblins (D:1)
  7 hobgoblins
  5 jackals
  A quokka (D:2)
  5 bats
  4 frilled lizards
  5 kobolds
  6 rats
68 creatures vanquished.

Notes
Turn   | Place    | Note
-------+----------+-------------------------------------------
     0 | D:1      | McKennaii the Demonspawn Fighter began the quest for the
                  | Orb.
     0 | D:1      | Reached XP level 1. HP: 18/18 MP: 1/1
   195 | D:1      | Gained mutation: You are partially covered in slimy green
                  | scales. (AC +2) [demonic ancestry]
   195 | D:1      | Reached XP level 2. HP: 21/24 MP: 2/2
   582 | D:1      | Gained mutation: You are immune to rotting. [demonic
                  | ancestry]
   582 | D:1      | Reached XP level 3. HP: 28/29 MP: 3/3
   583 | D:1      | Reached skill level 2 in Axes
  1038 | D:2      | Gained mutation: You may emit foul miasma when damaged in
                  | melee. [demonic ancestry]
  1038 | D:2      | Reached XP level 4. HP: 18/35 MP: 4/4
  1402 | D:2      | You fall into a shaft and drop 2 floors!
  1518 | D:5      | Entered Level 5 of the Dungeon
  1570 | D:5      | Reached skill level 3 in Axes
  1570 | D:5      | Reached XP level 5. HP: 24/41 MP: 5/5
  1821 | D:5      | Found an ornate altar of the Wu Jian Council.
  1934 | D:5      | Noticed an ogre
  1937 | D:5      | Noticed an ogre
  1940 | D:5      | Killed an ogre
  1940 | D:5      | Reached skill level 4 in Axes
  1940 | D:5      | Reached skill level 1 in Dodging
  1940 | D:5      | Gained mutation: You frequently emit foul miasma when
                  | damaged in melee. [demonic ancestry]
  1940 | D:5      | Reached XP level 6. HP: 14/47 MP: 6/6
  2060 | D:5      | Found a hazy altar of Hepliaklqana.
  2452 | D:6      | Noticed a slave
  2452 | D:6      | Noticed a slave
  2453 | D:6      | Noticed Pikel
  2455 | D:6      | Noticed a slave
  2457 | D:6      | Noticed a slave
  2462 | D:6      | Killed a slave
  2471 | D:6      | Killed from afar by Pikel

Levels and vault maps discovered:
D:1:      minmay_arrival_nine_rooms, layout_loops_ring
D:2:      minmay_evil_eye, layout_basic, first_ration
D:4:      layout_loops_ring, minmay_manual_macuahuitl
D:5:      layout_basic, overflow_temple_1_default, kennysheep_mini_moat,
          chequers_ossuary_entry_cave
D:6:      layout_basic, kennysheep_mini, minmay_temple_entry_hall, serial_shops,
          shop, gammafunk_ghost_gnarly_gnolls, uniq_pikel

Skill      XL: |  1  2  3  4  5 |
---------------+----------------+-----
Armour         | 3 |  3.9
Shields        | 3 |  3.7
Axes           | 2 3 4 |  4.7
Dodging        | 1 |  1.2
Fighting       | |  3.7
Stealth        | |  0.2

Action                   |  1- 3 |  4- 6 || total
-------------------------+-------+-------++-------
Melee: War axe           |   108 |   164 ||   272
  Use: Potion            |       |     1 ||     1
  Eat: Chunk             |       |     5 ||     5
Armor: Scale mail        |    76 |    70 ||   146
Dodge: Dodged            |    43 |    59 ||   102
Block: Shield            |    59 |    78 ||   137
